 Dungeon Crawl Stone Soup version 0.30-a0-570-g486de37d69 (webtiles) character file.

Game seed: 6111316385937393915

38 rsvaco the Ruffian (level 3, -4/40 HPs)
             Began as a Demigod Transmuter on Dec 30, 2022.
             Slain by a worm (6 damage)
             ... on level 2 of the Dungeon.
             The game lasted 00:02:31 (1127 turns).

rsvaco the Ruffian (Demigod Transmuter)             Turns: 1127, Time: 00:02:31

Health: -4/40      AC: 21    Str: 15    XL:     3   Next: 10%
Magic:  8/8        EV:  2    Int: 15    God:
Gold:   62         SH:  0    Dex: 14    Spells: 5/6 levels left

rFire   . . .      SeeInvis .      - Unarmed
rCold   . . .      Faith    .    (no shield)
rNeg    . . .      Spirit   .    (body armour currently unavailable)
rPois   +          Reflect  .    (helmet currently unavailable)
rElec   .          Harm     .    (cloak currently unavailable)
rCorr   .          Rampage  .    (gloves currently unavailable)
Will    .....      NoTele   +    (boots currently unavailable)
Stlth   +                        (no amulet)
HPRegen 0.26/turn                (no ring)
MPRegen 0.11/turn                (no ring)

@: tree-form
A: stationary, stasis, torment immunity, boosted hp, high MP 1, forlorn, divine
attributes
a: no special abilities


You were on level 2 of the Dungeon.
You were a tree.
You visited 1 branch of the dungeon, and saw 2 of its levels.

You collected 62 gold pieces.

Inventory:

Armour
 a - a +0 robe (melded)
 e - a +0 pair of gloves
Jewellery
 g - a ring of resist corrosion
Scrolls
 h - a scroll of magic mapping {unknown}
 k - a scroll of poison {unknown}
 l - a scroll of blinking {unknown}
 m - a scroll of identify {unknown}
 n - 3 scrolls of vulnerability {unknown}
Potions
 c - 2 potions of heal wounds {unknown}
 d - a potion of mutation {unknown}
 f - 4 potions of curing {unknown}
 i - a potion of might {unknown}
 j - a potion of cancellation {unknown}


   Skills:
 + Level 0.8 Fighting
 + Level 2.1 Dodging
 + Level 0.1 Stealth
 + Level 3.4 Unarmed Combat
 + Level 2.0 Spellcasting
 + Level 2.0 Transmutations


You had 5 spell levels left.
You knew the following spells:

 Your Spells              Type           Power      Damage    Failure   Level
a - Beastly Appendage     Tmut           14%        N/A       10%         1

Your spell library contained the following spells:

 Spells                   Type           Power      Damage    Failure   Level
 Wereblood                Tmut           7%         N/A       14%         2
 Sublimation of Blood     Necr           1%         N/A       32%         2
 Spider Form              Tmut/Pois      4%         N/A       41%         3
 Ice Form                 Ice/Tmut       4%         N/A       82%         4
 Summon Hydra             Summ           0%         N/A       100%        7


Dungeon Overview and Level Annotations

Branches:
Dungeon (2/15)


Innate Abilities, Weirdness & Mutations

You are a tree.
Your roots penetrate the ground, keeping you stationary.
You cannot be teleported.
You are immune to unholy pain and torment.
Your maximum health is greatly increased.
Your equipment is partially melded.
You have an increased reservoir of magic. (+10% MP)
You shall have no god before yourself.
Your divine heritage dramatically boosts your attributes as you level up.


Message History

You punch the jackal!
You kill the jackal!
The jackal bites you. The endoplasm closely misses you.
You barely miss the jackal. The jackal closely misses you.
The endoplasm hits you. The jackal barely misses you.
You hit the endoplasm but do no damage. The worm bites you.
* * * LOW HITPOINT WARNING * * *
The jackal bites you.
* * * LOW HITPOINT WARNING * * *
The endoplasm closely misses you.
Casting: Beastly Appendage (safe; 10% risk of failure)
Confirm with . or Enter, or press ? or * to list all spells.
Okay, then.
You turn into a tree.
Your +0 robe melds into your body.
Your roots penetrate the ground.
The jackal bites you but does no damage.
The endoplasm hits you but does no damage.
The jackal barely misses you. The worm bites you but does no damage.
The endoplasm freezes you.
You are frozen.
* * * LOW HITPOINT WARNING * * *
The jackal bites you but does no damage.
The jackal bites you but does no damage.
The endoplasm hits you but does no damage.
The worm bites you but does no damage.
The jackal bites you but does no damage.
The endoplasm hits you but does no damage.
The jackal bites you but does no damage.
The worm bites you but does no damage.
The jackal bites you but does no damage.
The endoplasm freezes you.
You are frozen.
* * * LOW HITPOINT WARNING * * *
The jackal barely misses you. The endoplasm freezes you.
You are frozen.
* * * LOW HITPOINT WARNING * * *
The jackal bites you but does no damage.
The worm bites you.
You die...

... #...##
..... ......#
..... ..>...#
...... ....<.
.>....###...#
.!......#..#
......#w#..#
......J♣h..#
.....#.##†##
... ##<#..##
# #....††#
##..###.#
#...# #..#
#..## ##...
#..# ###..
#.<# ...


You could see a worm, an endoplasm and a jackal.

Vanquished Creatures
  3 dart slugs (D:1)
  An endoplasm (D:1)
  A goblin (D:1)
  2 hobgoblins
  4 jackals (D:2)
  A kobold (D:1)
  2 quokkas (D:2)
  6 ball pythons
  4 bats
  2 frilled lizards (D:1)
  3 rats (D:1)
29 creatures vanquished.

Notes
Turn   | Place    | Note
-------+----------+-------------------------------------------
     0 | D:1      | rsvaco the Demigod Transmuter began the quest for the Orb.
     0 | D:1      | Reached XP level 1. HP: 15/15 MP: 5/5
   405 | D:1      | Reached XP level 2. HP: 20/22 MP: 7/7
   474 | D:1      | Reached skill level 3 in Unarmed Combat
  1103 | D:2      | Reached XP level 3. HP: 26/27 MP: 8/8
  1122 | D:2      | HP: 2/40 [frozen (3)]
  1127 | D:2      | Slain by a worm

Illustrated notes

Levels and vault maps discovered:
D:1:      eino_arrival_water_star, layout_basic, serial_bayou_pond_e
D:2:      layout_rooms, serial_shops, nicolae_shop_behind_doors

Skill      XL: |  1  2 |
---------------+-------+-----
Transmutations | 2 |  2.0
Unarmed Combat | 3 |  3.4
Spellcasting   | 2 |  2.0
Dodging        | 2 |  2.1
Fighting       | |  0.8
Stealth        | |  0.1

Action                   || total
-------------------------++-------
Melee: Unarmed           ||    78
       Punch             ||     3
 Cast: Beastly Appendage ||     2
  Use: Potion            ||     1
 Stab: Sleeping          ||     3
Armor: Robe              ||    14
       Skin              ||    13
Dodge: Dodged            ||    82

Table legend: (Time is in decaauts)
 A = Elapsed time spent in this place.
 B = Non-inter-level travel time spent in this place.
 C = Inter-level travel time spent in this place.
 D = Time resting spent in this place.
 E = Time spent auto-exploring this place.
 F = Levels seen in this place.
 G = Mean time per level.
                   A        B        C        D        E       F      G
               +--------+--------+--------+--------+--------+-----+--------+
         Total |   1123 |   1097 |     26 |      0 |    823 |   2 |  561.5 |
       Dungeon |   1123 |   1097 |     26 |      0 |    823 |   2 |  561.5 |
               +--------+--------+--------+--------+--------+-----+--------+

Top non-repeatable levels by time:
     D:1: 1074 daAuts
     D:2: 49 daAuts
